 Dungeon Crawl Stone Soup version 0.31-a0-167-g1c394c0614 (webtiles) character file.

Game seed: 3911447547968656811

310 qw the Shooter (level 6, -3/60 HPs)
             Began as a Naga Hunter on June 14, 2023.
             Slain by an ogre
             ... wielding a +0 giant club
              (27 damage)
             ... on level 4 of the Dungeon.
             The game lasted 00:00:47 (2465 turns).

qw the Shooter (Naga Hunter)                        Turns: 2465, Time: 00:00:48

Health: -3/60      AC:  4    Str: 19    XL:     6   Next: 41%
Magic:  6/6        EV:  9    Int: 10    God:
Gold:   177        SH:  0    Dex: 16    Spells: 5/5 levels left

rFire   . . .        Y - +2 shortbow
rCold   . . .        (shield currently unavailable)
rNeg    . . .        c - +0 leather armour
rPois   +            n - +1 hat
rElec   .            (no cloak)
rCorr   .            (no gloves)
SInv    +            (no barding)
Will    +....        (no amulet)
Stlth   ++           e - ring of willpower
HPRegen 0.30/turn    g - +6 ring of strength
MPRegen 0.10/turn

%: no passive effects
@: very slow
A: AC +2, large, see invisible, deformed body, poison resistance, slowness 2,
spit poison 1, naga tail 1
a: Spit Poison


You were on level 4 of the Dungeon.
You visited 1 branch of the dungeon, and saw 4 of its levels.

You collected 177 gold pieces.


Innate Abilities, Weirdness & Mutations

Your serpentine skin is tough. (AC +2)
You have supernaturally acute eyesight. (SInv)
Armour fits poorly on your strangely shaped body.
Your system is resistant to poisons. (rPois)
You cover ground very slowly.
You can spit poison.
You have a snake-like lower body.


   Skills:
 - Level 4.8 Fighting
 + Level 5.4 Ranged Weapons
 - Level 1.5 Dodging
 - Level 1.5 Stealth


You had 5 spell levels left.
You didn't know any spells.
Your spell library was empty.

Inventory:

Hand Weapons
 Y - a +2 shortbow (weapon)
Armour
 c - a +0 leather armour (worn)
 n - a +1 hat (worn)
Jewellery
 a - a ring of resist corrosion
 e - a ring of willpower (left hand)
 g - a +6 ring of strength (right hand)
Scrolls
 m - 2 scrolls of identify
 q - a scroll of fear {unknown}
 r - a scroll of vulnerability {unknown}
Potions
 b - a potion of haste
 d - 2 potions of curing {unknown}
 h - a potion of lignification {unknown}
 i - a potion of might {unknown}
 j - a potion of invisibility {unknown}
 k - a potion of attraction {unknown}
 l - a potion of enlightenment {unknown}
 o - a potion of brilliance {unknown}
 p - a potion of mutation {unknown}

Dungeon Overview and Level Annotations

Branches:
Dungeon (4/15)
 Temple: D:4-7

Altars:
Ashenzari


Message History

The puff of frost misses you.
A gnoll comes into view. It is wielding a +0 spear.
You shoot an arrow. The arrow hits the iguana.
The iguana is moderately wounded.
The white imp gestures at you. The puff of frost hits you.
You shoot an arrow. The arrow hits the iguana.
The iguana is heavily wounded.
You have got your breath back.
2461 ||| INVOKING Spit Poison.
Aiming: Spit Poison (1% risk of failure)
Press: ? - help, Shift-Dir - straight line, f/p - iguana The splash of poison hits the iguana!
You kill the iguana!
A kobold comes into view. It is wielding a +0 dagger.
You shoot an arrow. The arrow closely misses the white imp.
The kobold shouts!
The arrow hits the gnoll!
The gnoll is severely wounded.
The white imp hits you. The white imp freezes you.
You shoot an arrow. The arrow hits the gnoll.
The gnoll is severely wounded.
The white imp hits you but does no damage.
The gnoll barely misses you. The white imp hits you. The white imp freezes you.
The gnoll hits you from afar with a +0 spear.
The gnoll hits you with a +0 whip. The gnoll completely misses you.
You shoot an arrow. The arrow hits the gnoll!
You kill the gnoll!
You have got your breath back.
A gnoll comes into view. It is wielding a +0 club.
The gnoll closely misses you. The gnoll hits you with a +0 whip!
The white imp barely misses you.
2465 ||| DRINKING potion of heal wounds.
You feel much better.
The white imp shouts, "Out, out, thou infectious folly-fallen toady!"
The white imp hits you. The white imp freezes you.
The gnoll hits you from afar with a +0 spear.
The gnoll barely misses you.
The ogre hits you with a +0 giant club!!
You die...

#....# .. #.. ####
##.g..## ..###..###..#
#.....................
#...........>.........
#...)."...............
#..gK##....##........
##..O5##....##........
#...g@.............%..
#...........##...####.
#...........##...#####
########....##.....#..
####'####.....#..
#......#......#..
#......'......#..
+......#......+..
##.##..##..##.###


You could see an ogre, 3 gnolls, a white imp and a kobold.

Vanquished Creatures
  Sigmund (D:3)
  Ijyb (D:3)
  2 iguanas (D:4)
  2 gnolls
  A worm (D:3)
  A dart slug (D:1)
  An orc (D:3)
  5 ball pythons
  7 endoplasms
  3 giant cockroaches
  6 hobgoblins
  A jackal (D:3)
  6 kobolds
  A quokka (D:1)
  4 bats
  A frilled lizard (D:3)
  9 goblins
  4 rats
56 creatures vanquished.

Notes
Turn   | Place    | Note
-------+----------+-------------------------------------------
     0 | D:1      | qw the Naga Hunter began the quest for the Orb.
     0 | D:1      | Reached XP level 1. HP: 19/19 MP: 1/1
     0 | D:1      | 0 ||| qw: Version: 0.2-a-29-g1fa15c8
     0 | D:1      | 0 ||| qw: Game counter: 4916
     0 | D:1      | 0 ||| qw: Always use a shield: true
     0 | D:1      | 0 ||| qw: God list: Okawaru
     0 | D:1      | 0 ||| qw: Allow faded altars: false
     0 | D:1      | 0 ||| qw: Do Orc after D:15 true
     0 | D:1      | 0 ||| qw: Do second Lair branch before Depths: true
     0 | D:1      | 0 ||| qw: Lair rune preference: random
     0 | D:1      | 0 ||| qw: Plans: Normal
     0 | D:1      | 0 ||| PLANNING D:1-11
    23 | D:1      | 23 ||| INVOKING Spit Poison.
    29 | D:1      | 29 ||| INVOKING Spit Poison.
    34 | D:1      | 34 ||| INVOKING Spit Poison.
    39 | D:1      | 39 ||| INVOKING Spit Poison.
    86 | D:1      | 86 ||| INVOKING Spit Poison.
    88 | D:1      | Reached skill level 4 in Ranged Weapons
    88 | D:1      | Reached XP level 2. HP: 26/26 MP: 2/2
   126 | D:1      | 126 ||| INVOKING Spit Poison.
   151 | D:1      | 151 ||| INVOKING Spit Poison.
   187 | D:1      | 187 ||| INVOKING Spit Poison.
   297 | D:1      | 297 ||| INVOKING Spit Poison.
   300 | D:1      | 300 ||| INVOKING Spit Poison.
   305 | D:1      | 305 ||| INVOKING Spit Poison.
   321 | D:1      | 321 ||| FLEEEEING.
   322 | D:1      | 322 ||| FLEEEEING.
   323 | D:1      | 323 ||| FLEEEEING.
   324 | D:1      | 324 ||| FLEEEEING.
   325 | D:1      | 325 ||| FLEEEEING.
   335 | D:1      | 335 ||| INVOKING Spit Poison.
   444 | D:1      | Reached XP level 3. HP: 32/32 MP: 3/3
   448 | D:1      | 448 ||| INVOKING Spit Poison.
   465 | D:1      | 465 ||| INVOKING Spit Poison.
   591 | D:1      | 591 ||| INVOKING Spit Poison.
   616 | D:1      | 616 ||| INVOKING Spit Poison.
   684 | D:1      | 684 ||| UPGRADING to ring of willpower.
   685 | D:1      | 685 ||| UPGRADING to +6 ring of strength.
   686 | D:1      | 686 ||| READING scroll labelled DERCHE FYBLEU.
   687 | D:1      | 687 ||| READING scroll labelled CEARIRR DAARA.
   692 | D:1      | 692 ||| DROPPING scroll of butterflies.
   703 | D:2      | 703 ||| INVOKING Spit Poison.
   712 | D:2      | 712 ||| INVOKING Spit Poison.
   738 | D:2      | 738 ||| INVOKING Spit Poison.
   749 | D:2      | 749 ||| INVOKING Spit Poison.
   760 | D:2      | 760 ||| INVOKING Spit Poison.
   838 | D:2      | 838 ||| INVOKING Spit Poison.
   854 | D:2      | 854 ||| INVOKING Spit Poison.
  1112 | D:2      | 1112 ||| INVOKING Spit Poison.
  1298 | D:2      | 1298 ||| UPGRADING to +1 hat.
  1303 | D:2      | 1303 ||| READING scroll labelled TIFADA HEES.
  1304 | D:2      | 1304 ||| READING scroll labelled DIUNYG IFIP.
  1405 | D:2      | 1405 ||| READING scroll labelled ZUGIWY DUMI.
  1406 | D:2      | 1406 ||| READING scroll labelled SUASAO JUCZE.
  1407 | D:2      | 1407 ||| READING scroll labelled RUTWAR ZOOMI.
  1408 | D:2      | 1408 ||| DRINKING 2 murky brown potions.
  1432 | D:3      | 1432 ||| INVOKING Spit Poison.
  1434 | D:3      | Reached skill level 5 in Ranged Weapons
  1434 | D:3      | Reached XP level 4. HP: 39/39 MP: 4/4
  1500 | D:3      | 1500 ||| INVOKING Spit Poison.
  1528 | D:3      | Found a broken altar of Ashenzari.
  1564 | D:3      | 1564 ||| INVOKING Spit Poison.
  1590 | D:3      | Noticed Ijyb
  1591 | D:3      | 1591 ||| INVOKING Spit Poison.
  1594 | D:3      | 1594 ||| INVOKING Spit Poison.
  1600 | D:3      | 1600 ||| INVOKING Spit Poison.
  1606 | D:3      | 1606 ||| INVOKING Spit Poison.
  1607 | D:3      | HP: 5/39 [Ijyb/+0 dagger (8)]
  1608 | D:3      | Killed Ijyb
  1949 | D:3      | Noticed Sigmund
  1953 | D:3      | 1953 ||| INVOKING Spit Poison.
  1957 | D:3      | Killed Sigmund
  1958 | D:3      | Reached XP level 5. HP: 30/51 MP: 5/5
  1958 | D:3      | Reached XP level 6. HP: 35/60 MP: 6/6
  2087 | D:3      | 2087 ||| INVOKING Spit Poison.
  2137 | D:3      | 2137 ||| INVOKING Spit Poison.
  2140 | D:3      | 2140 ||| INVOKING Spit Poison.
  2144 | D:3      | 2144 ||| INVOKING Spit Poison.
  2158 | D:3      | 2158 ||| INVOKING Spit Poison.
  2175 | D:3      | 2175 ||| INVOKING Spit Poison.
  2327 | D:3      | 2327 ||| DRINKING 2 sapphire potions.
  2360 | D:4      | 2360 ||| INVOKING Spit Poison.
  2445 | D:4      | 2445 ||| READING scroll of enchant weapon.
  2445 | D:4      | 2445 ||| ENCHANTING +1 shortbow.
  2455 | D:4      | 2455 ||| INVOKING Spit Poison.
  2461 | D:4      | 2461 ||| INVOKING Spit Poison.
  2464 | D:4      | HP: 10/60 [gnoll/+0 whip (7)]
  2465 | D:4      | 2465 ||| DRINKING potion of heal wounds.
  2465 | D:4      | Slain by an ogre

Levels and vault maps discovered:
D:1:      psy_arrival_conway, layout_basic, corner_web_ring
D:2:      layout_basic, st_stairs_8
D:3:      layout_basic, evilmike_ruin_ashenzari, wad_rectangle_vault,
          uniq_sigmund, uniq_ijyb
D:4:      layout_gridville, uniq_natasha

Skill      XL: |  1  2  3  4 |
---------------+-------------+-----
Ranged Weapons | 4 5 |  5.4
Fighting       | 4 |  4.8
Dodging        | |  1.5
Stealth        | |  1.5

Action                     |  1- 3 |  4- 6 || total
---------------------------+-------+-------++-------
   Fire: Shortbow          |    55 |    57 ||   112
Ability: Spit Poison       |    25 |    16 ||    41
    Use: Scroll            |     7 |     1 ||     8
         Potion            |     1 |     2 ||     3
 Armour: Leather armour    |     3 |     4 ||     7
  Dodge: Dodged            |     3 |    20 ||    23

Table legend:
 A = Non-vault XP
 B = Vault XP
 C = Vault XP percentage of total XP
 D = Non-vault monster count
 E = Vault monster count
 F = Vault count percentage of total count
                 A         B        C        D         E       F
            +---------+---------+-------+---------+---------+-------
      Total |     167 |     276 |  62.3 |      47 |       9 |  16.1
            +---------+---------+-------+---------+---------+-------
        D:1 |      41 |       0 |   0.0 |      23 |       0 |   0.0
        D:2 |      25 |      14 |  35.9 |      14 |       1 |   6.7
        D:3 |      13 |     262 |  95.3 |       6 |       8 |  57.1
        D:4 |      88 |       0 |   0.0 |       4 |       0 |   0.0
            +---------+---------+-------+---------+---------+-------
